 Dungeon Crawl Stone Soup version 0.26.1-2-gb8aa6d0cf2 (webtiles) character file.

Game seed: 7464921275114145568

53 Ladykiller69 the Skirmisher (level 3, -1/40 HPs)
             Began as an Ogre Chaos Knight on Mar 27, 2021.
             Was a Plaything of Xom.
             Slain by Terence
             ... wielding a +2 mace of venom
              (2 damage)
             ... on level 2 of the Dungeon.
             The game lasted 00:03:22 (1280 turns).

Ladykiller69 the Skirmisher (Ogre Chaos Knight)     Turns: 1280, Time: 00:03:22

Health: -1/40      AC:  5    Str: 17    XL:     3   Next: 87%
Magic:  3/3        EV: 10    Int: 13    God:    Xom [..*...]
Gold:   156        SH:  0    Dex:  8    Spells: 2/2 levels left

rFire    . . .     SeeInvis .   i - +0 flail (protect)
rCold    . . .     Faith    .   (no shield)
rNeg     . . .     Spirit   .   b - +2 robe
rPois    .         Reflect  .   (helmet restricted)
rElec    .         Harm     .   (no cloak)
rCorr    .         Rampage  .   (gloves unavailable)
Will     .....                  (boots unavailable)
Stlth    +.........             (no amulet)
HPRegen  0.13/turn              (no ring)
MPRegen  0.08/turn              (no ring)

@: lethally poisoned (-1 -> -51)
A: large, unfitting armour, tough skin 1
a: Renounce Religion


You were on level 2 of the Dungeon.
You worshipped Xom.
You were a toy of Xom.
You visited 1 branch of the dungeon, and saw 2 of its levels.

You collected 156 gold pieces.

Inventory:

Hand Weapons
 a - a +0 mace of chaos
 i - a +0 flail of protection (weapon)
Armour
 b - a +2 robe (worn)
 d - a +0 pair of boots
Scrolls
 c - 7 scrolls of identify {unknown}
 g - a scroll of teleportation {unknown}
 j - 2 scrolls of random uselessness {unknown}
 k - a scroll of fog {unknown}
Potions
 e - a potion of haste
 f - a potion of magic {unknown}
 h - a potion of brilliance {unknown}


   Skills:
 + Level 4.6 Fighting
 * Level 3.5 Maces & Flails
 + Level 2.6 Dodging


You had 2 spell levels left.
You didn't know any spells.
Your spell library was empty.

Dungeon Overview and Level Annotations

Branches:
Dungeon (2/15)

Altars:
Yredelemnul

Annotations:
D:2 Terence


Innate Abilities, Weirdness & Mutations

You are too large for most types of armour.
You have tough skin. (AC +1)


Message History

Terence is severely wounded.
You feel sick.
You hear Xom's avuncular chuckle.
The hobgoblin seems to speed up.
Terence hits you but does no damage.
You are more poisoned.
Terence hits you but does no damage.
You barely miss Terence.
Terence is heavily wounded.
You feel very sick.
Terence hits you with a +2 mace of venom.
You are more poisoned.
You completely miss Terence.
Terence is heavily wounded.
* * * LOW HITPOINT WARNING * * *
You feel very sick.
Terence hits you with a +2 mace of venom!
* * * LOW HITPOINT WARNING * * *
You are more poisoned.
Terence hits you with a +2 mace of venom.
You die...

#.# ######## #.#
.......# #.# #......#
#.# ### #......# #.#
.... #......# #.# .....
+......# #.#
......#)##+###########.#
.....g@@................
......####.#######.###..
..... #..# #.# ### ....
##.######.##### ...
..(........... ..
#..#####...... # #.#
#...... .# #......
.....#......


You could see Terence (fast) and a hobgoblin (fast).

Vanquished Creatures
  A gnoll (D:1)
  2 adders (D:2)
  A leopard gecko (D:1)
  A giant cockroach (D:2)
  2 goblins
  4 hobgoblins (D:1)
  4 kobolds (D:1)
  A ball python (D:1)
  3 bats (D:1)
  5 frilled lizards
  2 rats (D:1)
26 creatures vanquished.

Notes
Turn   | Place    | Note
-------+----------+-------------------------------------------
     0 | D:1      | Ladykiller69 the Ogre Chaos Knight began the quest for the
                  | Orb.
     0 | D:1      | Reached XP level 1. HP: 24/24 MP: 1/1
    38 | D:1      | XOM: potion effect (haste)
   142 | D:1      | Reached XP level 2. HP: 32/32 MP: 2/2
   260 | D:1      | Reached XP level 3. HP: 19/40 MP: 3/3
   384 | D:1      | XOM: noise
   791 | D:1      | XOM: silly message
   910 | D:2      | Found a basalt altar of Yredelemnul.
  1268 | D:2      | Noticed Terence
  1278 | D:2      | XOM: enchant monster (bad)
  1280 | D:2      | HP: 1/40 [Terence/+2 mace of venom (10)]
  1280 | D:2      | Slain by Terence

Illustrated notes

Levels and vault maps discovered:
D:1:      scummos_arrival_hexagon, layout_loops_cross, minmay_three_crescents
D:2:      layout_basic, lemuel_doored_altar, uniq_terence

Skill      XL: |  1  2 |
---------------+-------+-----
Maces & Flails | 3 |  3.5
Fighting       | |  4.6
Dodging        | |  2.6

Action                   || total
-------------------------++-------
Melee: Mace              ||    53
       Flail             ||    59
 Stab: Paralysed         ||     4
Armor: Robe              ||    46
Dodge: Dodged            ||    58
